 Dungeon Crawl Stone Soup version 0.31-a0-662-g684573625c (webtiles) character file.

Game seed: 13868285876089098973

732 lunkers the Martial Artist (level 8, -4/59 HPs)
             Began as a Meteoran Shapeshifter on Aug 30, 2023.
             Was an Initiate of Gozag.
             Slain by an ogre
             ... wielding a +0 giant club
              (16 damage)
             ... on level 6 of the Dungeon on Aug 31, 2023.
             The game lasted 00:09:14 (3347 turns).

lunkers the Martial Artist (Meteoran Shapeshifter)  Turns: 3347, Time: 00:09:15

Health: -4/59      AC:  6    Str: 16    XL:     8   Next: 24%
Magic:  9/9        EV: 12    Int: 17    God:    Gozag
Gold:   654        SH:  0    Dex: 19    Spells: 7/7 levels left

rFire   . .          .
                       - Unarmed
rCold   . . .        (no shield)
rNeg    . . .        u - +3 leather armour "Pyzesire" {Dex+3}
rPois   .            (helmet currently unavailable)
rElec   .            (cloak currently unavailable)
rCorr   .            (gloves currently unavailable)
SInv    +            (boots currently unavailable)
Will    +....        (no amulet)
Stlth   +            n - +6 ring of intelligence
HPRegen 0.29/turn    j - ring of see invisible
MPRegen 0.11/turn

%: no passive effects
@: beast-form, gold aura, glowing
A: beast (slay +3), sense surroundings 1, otherworldly, glowing, explore regen
a: Begin Untransformation, Renounce Religion, Potion Petition, Call Merchant,
Bribe Branch


You were on level 6 of the Dungeon.
You worshipped Gozag.
Gozag was pleased with you.
You were a hulking beast.
You visited 2 branches of the dungeon, and saw 7 of its levels.
You also visited: Sewer.

You collected 689 gold pieces.
You paid 35 gold pieces to Gozag.

Inventory:

Armour
 g - a +0 ring mail
 r - a +2 hat
 u - the +3 leather armour "Pyzesire" (worn) {Dex+3}
   (You found it on level 4 of the Dungeon)

   Dex+3:     It affects your dexterity (+3).
 z - a +2 leather armour of poison resistance
Jewellery
 j - a ring of see invisible (right hand)
 n - a +6 ring of intelligence (left hand)
 t - a ring of see invisible
Talismans
 c - a beast talisman (active)
 y - a flux talisman
Wands
 d - a wand of polymorph (11)
 k - a wand of flame (23)
 s - a wand of roots (11)
Scrolls
 a - a scroll of immolation {unknown}
 e - a scroll of fog
 m - a scroll of poison
 p - 4 scrolls of teleportation
 v - 2 scrolls of identify {unknown}
 x - a scroll of torment {unknown}
 A - a scroll of enchant armour {unknown}
Potions
 b - a potion of enlightenment {unknown}
 f - 3 potions of curing {unknown}
 h - 2 potions of heal wounds {unknown}
 i - 2 potions of haste {unknown}
 l - a potion of ambrosia {unknown}
 o - 2 potions of invisibility {unknown}
 q - 2 potions of mutation
 w - a potion of berserk rage {unknown}


   Skills:
 - Level 1.1 Fighting
 - Level 2.1 Dodging
 * Level 8.9 Unarmed Combat
 + Level 6.4 Shapeshifting


You had 7 spell levels left.
You didn't know any spells.
Your spell library contained the following spells:

 Spells                   Type           Power      Damage    Failure   Level
 Summon Small Mammal      Summ           0%         N/A       28%         1
 Call Canine Familiar     Summ           0%         N/A       65%         3
 Summon Guardian Golem    Hex/Summ       0%         N/A       65%         3


Dungeon Overview and Level Annotations

Branches:
Dungeon (6/15) Zot: 745    Temple (1/1) D:4 Zot: 572   Sewer (visited)

Altars:
Cheibriados
Elyvilon
Fedhas
Gozag
Hepliaklqana
Makhleb
Nemelex Xobeh
Qazlal
Sif Muna
Trog
Vehumet
Yredelemnul
Zin
The Shining One

Shops:
D:4 (


Innate Abilities, Weirdness & Mutations

You are a hulking beast.
Your limbs bulge with bestial killing power. (Slay +3)
You passively map a small area around you.
You are easily found by Zot.
You glow in the dark.
You regain HP and MP as you explore.


Message History

A gnoll comes into view. It is wielding a +0 spear.
The gnoll shouts!
The ogre barely misses you.
You hit the gnoll.
The gnoll is lightly wounded.
The gnoll is no longer distracted by gold.
You punch the gnoll! Your punch misses the gnoll.
The gnoll is severely wounded.
The gnoll hits you with a +0 spear. The gnoll completely misses you.
The ogre barely misses you.
Attack: -) Nothing wielded
Press: ? - help, Dir - move target Your weapon can't reach that far!
Okay, then.
Okay, then.
You punch the ogre!
The ogre is moderately wounded.
The gnoll closely misses you. The gnoll hits you with a +0 spear.
Unknown command.
You hit the ogre.
The ogre is heavily wounded.
The gnoll closely misses you.
The ogre hits you with a +0 giant club!!
Ouch! That really hurt!
* * * LOW HITPOINT WARNING * * *
The gnoll hits you but does no damage. The gnoll barely misses you.
Unknown command.
You hit the ogre.
The ogre is severely wounded.
The gnoll hits you with a +0 spear.
* * * LOW HITPOINT WARNING * * *
The gnoll hits you from afar with a +0 spear.
* * * LOW HITPOINT WARNING * * *
The gnoll hits you with a +0 spear.
* * * LOW HITPOINT WARNING * * *
You closely miss the ogre. Your punch misses the ogre.
The ogre is severely wounded.
The ogre hits you with a +0 giant club!
You die...
Your body crumbles into a pile of gold.

.... .... ,...# # *
* #...,..# #..# .#
#...##.# #..#..# ,
##......####..#..#.
...................
,, ..........<...#.
, , ,
##...######...#..#
#......gg.......#
.......g.h....#..# ,
##...###O##.........
, #. ,...,...$...#.#
..........#..# #
...............# ,,
* ................ ,
....... ......
,..####. , , *


You could see an ogre and 3 gnolls.

Vanquished Creatures
  Menkaure (D:4)
  A phantom (D:3)
  2 scorpions
  A hound (D:6)
  An iguana (D:5)
  Ijyb (D:3)
  Natasha (thrice) (D:2)
  A howler monkey zombie (D:4)
  A gnoll (D:6)
  8 adders
  4 river rats (Sewer)
  3 adder zombies (D:4)
  3 worms
  2 dart slugs
  10 orcs
  6 endoplasms
  5 giant cockroaches
  7 goblins
  8 hobgoblins
  2 jackals (Sewer)
  11 kobolds
  4 quokkas
  11 ball pythons
  10 bats
  4 frilled lizards
  A jackal zombie (D:4)
  4 rats
115 creatures vanquished.

Notes
Turn   | Place    | Note
-------+----------+-------------------------------------------
     0 | D:1      | lunkers the Meteoran Shapeshifter began the quest for the
                  | Orb.
     0 | D:1      | Reached XP level 1. HP: 16/16 MP: 2/2
    78 | D:1      | Reached XP level 2. HP: 17/23 MP: 3/3
    80 | D:1      | Reached skill level 4 in Unarmed Combat
   270 | D:1      | Reached XP level 3. HP: 25/28 MP: 4/4
   502 | D:1      | Glimpsed the power of Zot.
   588 | D:2      | Noticed Natasha
   592 | D:2      | Killed Natasha
   593 | D:2      | Reached skill level 5 in Unarmed Combat
   593 | D:2      | Reached XP level 4. HP: 19/35 MP: 5/5
   755 | D:2      | Noticed Natasha
   766 | D:2      | Killed Natasha
   767 | D:2      | Reached XP level 5. HP: 13/40 MP: 6/6
   771 | D:2      | Noticed Natasha
   806 | D:2      | Killed Natasha
  1104 | D:2      | Glimpsed the power of Zot.
  1154 | D:2      | Glimpsed the power of Zot.
  1194 | D:2      | Glimpsed the power of Zot.
  1197 | D:2      | You fall into a shaft and drop 2 floors!
  1199 | D:4      | Found a staircase to the Ecumenical Temple.
  1211 | Temple   | Entered the Ecumenical Temple
  1221 | Temple   | Became a worshipper of Gozag Ym Sagoz the Greedy
  1289 | D:4      | Found a glowing silver altar of Zin.
  1317 | D:4      | Found Aluteez's Antique Weapon Shoppe.
  1358 | D:4      | Found a white marble altar of Elyvilon.
  1388 | D:4      | Reached skill level 6 in Unarmed Combat
  1396 | D:4      | Found a glowing drain.
  1428 | D:4      | Reached XP level 6. HP: 46/47 MP: 7/7
  1435 | Sewer    | Entered a sewer
  1488 | Sewer    | Reached skill level 5 in Shapeshifting
  1846 | Sewer    | Glimpsed the power of Zot.
  1955 | D:4      | Identified the +3 leather armour "Pyzesire" {Dex+3}
  1966 | D:4      | Reached skill level 7 in Unarmed Combat
  1966 | D:4      | Reached XP level 7. HP: 38/52 MP: 8/8
  2040 | D:4      | Noticed Menkaure
  2048 | D:4      | Killed Menkaure
  2089 | D:4      | Found a basalt altar of Yredelemnul.
  2180 | D:4      | Glimpsed the power of Zot.
  2205 | D:5      | Entered Level 5 of the Dungeon
  2256 | D:5      | Reached skill level 8 in Unarmed Combat
  2715 | D:3      | Upgraded the game from 0.31-a0-656-gb4d89c20fa to
                  | 0.31-a0-662-g684573625c
  3005 | D:3      | Noticed Ijyb
  3014 | D:3      | Killed Ijyb
  3015 | D:3      | Reached XP level 8. HP: 56/59 MP: 9/9
  3323 | D:6      | Found a snail-covered altar of Cheibriados.
  3347 | D:6      | Slain by an ogre

Illustrated notes

Levels and vault maps discovered:
D:1:      elethiomel_arrival_maze, layout_basic, minmay_pentomino_q2
D:2:      layout_loops_corners, dreamdust_mushroom_princess, uniq_natasha
D:3:      layout_basic, minmay_vboxes, uniq_ijyb
D:4:      layout_loops_corners, nicolae_elyvilon_temple_path,
          general_overflow_altar, nicolae_yredelemnul_corpse_copse,
          minmay_temple_entry_waves, serial_shops,
          nicolae_shop_just_a_little_nook, gup_sewer_entry_glass,
          grunt_decor_clamped, dreamdust_princess_bridge, minmay_pentomino_pile,
          uniq_menkaure
D:5:      layout_basic, nicolae_uskayaw_en_pointe, minmay_misc_feat_square
D:6:      layout_basic, grunt_temple_overflow_open, serial_shops, shop
Temple:   compressed_dpeg_circular_temple

Skill      XL: |  1  2  3  4  5  6  7 |
---------------+----------------------+-----
Unarmed Combat | 4 5 6 7 8 |  8.9
Shapeshifting  | 4 5 6 |  6.4
Fighting       | |  1.1
Dodging        | |  2.1

Action                     |  1- 3 |  4- 6 |  7- 9 || total
---------------------------+-------+-------+-------++-------
  Melee: Unarmed           |    50 |   188 |   104 ||   342
         Punch             |     1 |     6 |     5 ||    12
    Use: Potion            |       |     1 |       ||     1
         Scroll            |       |     4 |       ||     4
   Stab: Distracted        |       |     2 |       ||     2
 Armour: Animal skin       |     5 |       |       ||     5
         Ring mail         |    11 |    53 |       ||    64
         Skin              |       |    25 |       ||    25
         Leather armour    |       |       |    43 ||    43
  Dodge: Dodged            |    13 |   100 |    45 ||   158

Table legend: (Time is in decaauts)
 A = Elapsed time spent in this place.
 B = Non-inter-level travel time spent in this place.
 C = Inter-level travel time spent in this place.
 D = Time resting spent in this place.
 E = Time spent auto-exploring this place.
 F = Levels seen in this place.
 G = Mean time per level.
                   A        B        C        D        E       F      G
               +--------+--------+--------+--------+--------+-----+--------+
         Total |   3425 |   3023 |    402 |      7 |   1849 |   8 |  428.1 |
       Dungeon |   2853 |   2468 |    385 |      7 |   1682 |   6 |  475.5 |
        Temple |     27 |     10 |     17 |      0 |      0 |   1 |   27.0 |
         Sewer |    544 |    544 |      0 |      0 |    167 |   1 |  544.0 |
               +--------+--------+--------+--------+--------+-----+--------+

Top non-repeatable levels by time:
     D:2: 667 daAuts
     D:4: 584 daAuts
   Sewer: 544 daAuts
     D:3: 544 daAuts
     D:1: 524 daAuts
     D:5: 509 daAuts
  Temple: 27 daAuts
     D:6: 23 daAuts
